 Dungeon Crawl Stone Soup version 0.20.1-1-g8b1a95d (webtiles) character file.

307 Hylith the Chopper (level 6, -7/56 HPs)
             Began as a Minotaur Berserker on Dec 25, 2017.
             Was a Believer of Trog.
             Mangled by an ogre
             ... wielding a +0 giant club
              (8 damage)
             ... on level 4 of the Dungeon.
             The game lasted 00:04:54 (1913 turns).

Hylith the Chopper (Minotaur Berserker)             Turns: 1913, Time: 00:04:54

Health: -7/56      AC: 12    Str: 24    XL:     6   Next: 16%
Magic:  5/5        EV:  7    Int:  4    God:    Trog [**....]
Gold:   207        SH:  0    Dex:  9    Spells: 5/5 levels left

rFire    . . .     SeeInvis .   a - +0 hand axe
rCold    + . .     Gourm    .   (no shield)
rNeg     . . .     Faith    .   o - +1 plate armour {rC+}
rPois    .         Spirit   .   p - +0 hat
rElec    .         Reflect  .   (no cloak)
rCorr    .         Harm     .   (no gloves)
MR       .....                  (no boots)
Stlth    ..........             (no amulet)
Regen    0.2/turn               (no ring)
MPRegen  0.1/turn               m - ring of stealth

@: confused
A: retaliatory headbutt, horns 2
a: Berserk, Trog's Hand, Burn Spellbooks, Renounce Religion


You were on level 4 of the Dungeon.
You worshipped Trog.
Trog was pleased with you.
You were very hungry.

You visited 1 branch of the dungeon, and saw 4 of its levels.

You collected 207 gold pieces.

Inventory:

Hand Weapons
 a - a +0 hand axe (weapon)
 q - a +4 club
Armour
 b - a +0 animal skin
 o - a +1 plate armour of cold resistance (worn)
 p - a +0 hat (worn)
Jewellery
 m - a ring of stealth (right hand)
Scrolls
 e - a scroll of teleportation {unknown}
 h - 3 scrolls of identify
 i - a scroll of random uselessness {unknown}
 s - a scroll of magic mapping {unknown}
 t - a scroll of amnesia {unknown}
Potions
 d - a potion of might {unknown}
 f - a potion of degeneration {unknown}
 j - 2 potions of curing {unknown}
 k - a potion of heal wounds {unknown}
 l - a potion of lignification {unknown}
 r - a potion of agility {unknown}
Comestibles
 c - a bread ration
 g - 4 fruits
 n - 2 royal jellies


   Skills:
 * Level 5.4 Fighting
 * Level 6.4 Axes
 * Level 4.1 Armour
 - Level 2.2 Dodging


You had 5 spell levels left.
You didn't know any spells.

Dungeon Overview and Level Annotations

Branches:
Dungeon (4/15)
 Temple: D:4-7

Altars:


Innate Abilities, Weirdness & Mutations

You reflexively headbutt those who attack you in melee.
You have a pair of horns on your head.


Message History

The orc wizard points at you and mumbles some strange words.
You resist with some effort.
The leopard gecko bites you but does no damage.
You hit the orc wizard.
The orc wizard is severely wounded.
You hit the leopard gecko. You closely miss the ogre.
The orc wizard hits you but does no damage.
The leopard gecko bites you.
* * * LOW HITPOINT WARNING * * *
The ogre hits you but does no damage.
An orc comes into view.
You closely miss the ogre.
The ogre is heavily wounded.
You hit the leopard gecko but do no damage.
You hit the orc wizard but do no damage.
You closely miss the orc.
The leopard gecko bites you but does no damage.
The orc wizard hits you but does no damage.
The orc barely misses you. The ogre hits you with a giant club!
You die...

##############
##.....##.....##
#.....<......!.##
#.......†.O......#
#........†l@.....#
#..........oo....#
#..........o.....#
#............o$..#
#................#
##..............##
##.....##......#
.....# ######o..
.... #..


You could see an ogre, an orc wizard, 4 orcs and a leopard gecko.

Vanquished Creatures
  The ghost of OnekoMk1 the Gusty, an amateur DEAE (D:3)
  A bullfrog (D:3)
  Crazy Yiuf (D:2)
  Jessica (D:2)
  Terence (D:3)
  5 adders
  3 worms (D:3)
  A dart slug (D:2)
  2 leopard geckos (D:1)
  An orc (D:3)
  A giant cockroach (D:4)
  7 goblins
  2 hobgoblins
  2 ball pythons (D:2)
  4 bats
  2 frilled lizards (D:2)
  2 kobolds (D:2)
  12 rats
49 creatures vanquished.

Notes
Turn   | Place    | Note
-------+----------+-------------------------------------------
     0 | D:1      | Hylith the Minotaur Berserker began the quest for the Orb.
     0 | D:1      | Reached XP level 1. HP: 19/19 MP: 0/0
    12 | D:1      | Noticed an electric eel
   149 | D:1      | Reached XP level 2. HP: 26/27 MP: 1/1
   459 | D:2      | Reached skill level 4 in Axes
   610 | D:2      | Reached ** piety under Trog
   623 | D:2      | Reached XP level 3. HP: 26/33 MP: 2/2
   663 | D:2      | Noticed Jessica
   674 | D:2      | Killed Jessica
   749 | D:2      | Reached XP level 4. HP: 38/41 MP: 3/3
   774 | D:2      | Found a runed door.
  1041 | D:2      | Noticed Crazy Yiuf
  1048 | D:2      | Killed Crazy Yiuf
  1048 | D:2      | Reached skill level 5 in Axes
  1102 | D:3      | Noticed a bullfrog
  1111 | D:3      | Killed a bullfrog
  1111 | D:3      | Reached skill level 5 in Fighting
  1111 | D:3      | Reached XP level 5. HP: 40/48 MP: 4/4
  1493 | D:3      | Noticed OnekoMk1's ghost (amateur DEAE)
  1500 | D:3      | Killed OnekoMk1's ghost
  1500 | D:3      | Reached skill level 6 in Axes
  1684 | D:3      | Reached XP level 6. HP: 56/56 MP: 5/5
  1710 | D:3      | Found a glowing drain.
  1781 | D:3      | Noticed Terence
  1798 | D:3      | Killed Terence
  1912 | D:4      | HP: 1/56 [leopard gecko (4)]
  1913 | D:4      | Mangled by an ogre

Skill      XL: |  1  2  3  4  5 |
---------------+----------------+-----
Axes           | 4 5 6 |  6.4
Fighting       | 4 5 |  5.4
Armour         | 3 4 |  4.1
Dodging        | |  2.2

Action                   |  1- 3 |  4- 6 || total
-------------------------+-------+-------++-------
Melee: Hand axe          |    63 |    71 ||   134
       Headbutt          |     8 |    12 ||    20
  Use: Scroll            |       |     2 ||     2
  Eat: Chunk             |       |     2 ||     2
Armor: Animal skin       |     8 |       ||     8
       Plate armour      |    30 |    49 ||    79
Dodge: Dodged            |    39 |    30 ||    69
